 Dungeon Crawl Stone Soup version 0.29-a0-330-g52719c12eb (webtiles) character file.

Game seed: 98623538984505024

1182 sking99 the Scholar of Death (level 8, 0/46 HPs)
             Began as a Tengu Necromancer on May 18, 2022.
             Was a Follower of Kikubaaqudgha.
             Slain by a hound (5 damage)
             ... on level 5 of the Dungeon.
             The game lasted 00:12:53 (7319 turns).

sking99 the Scholar of Death (Tengu Necromancer)    Turns: 7319, Time: 00:12:53

Health: 0/46       AC:  4    Str: 11    XL:     8   Next: 42%
Magic:  16/23      EV: 14    Int: 15    God:    Kikubaaqudgha [*.....]
Gold:   201        SH:  0    Dex: 15    Spells: 2/13 levels left

rFire   . . .      SeeInvis .   w - +2 whip (vamp)
rCold   . . .      Faith    .   (no shield)
rNeg    . . .      Spirit   .   a - +0 robe
rPois   .          Reflect  .   (helmet restricted)
rElec   .          Harm     .   m - +1 cloak
rCorr   .          Rampage  .   (no gloves)
Will    .....                   (boots unavailable)
Stlth   ++........              (no amulet)
HPRegen 0.15/turn               h - ring of magical power
MPRegen 0.18/turn               (no ring)

@: flying quickly and evasively, quick
A: beak, talons 3, nimble flight
a: Renounce Religion, Receive Corpses


You were on level 5 of the Dungeon.
You worshipped Kikubaaqudgha.
Kikubaaqudgha was aware of your devotion.
You visited 1 branch of the dungeon, and saw 5 of its levels.
You also visited: Ossuary.

You collected 250 gold pieces.
You spent 49 gold pieces at shops.

Inventory:

Hand Weapons
 w - a +2 vampiric whip (weapon)
Missiles
 y - a throwing net
Armour
 a - a +0 robe (worn)
 m - a +1 cloak (worn)
Jewellery
 f - a ring of fire
 h - a ring of magical power (left hand)
 p - a +4 ring of evasion
 t - a +6 ring of dexterity
Wands
 D - a wand of polymorph (2)
Scrolls
 c - a scroll of enchant weapon
 d - 2 scrolls of vulnerability
 g - 4 scrolls of teleportation
 i - 4 scrolls of immolation
 j - 6 scrolls of noise
 k - 3 scrolls of identify
 n - 2 scrolls of holy word
 z - a scroll of enchant armour
Potions
 b - a potion of magic
 e - a potion of berserk rage
 l - 2 potions of flight
 o - 2 potions of resistance
 q - a potion of heal wounds {unknown}
 r - 7 potions of degeneration
 s - a potion of haste {unknown}
 u - a potion of invisibility {unknown}
 v - 5 potions of curing
 x - a potion of might
 A - a potion of cancellation {unknown}
 B - 2 potions of attraction {unknown}
 C - a potion of mutation


   Skills:
 - Level 3.0 Fighting
 + Level 5.0 Maces & Flails
 + Level 2.1 Dodging
 - Level 2.0 Stealth
 - Level 3.4 Spellcasting
 + Level 7.7 Necromancy
 - Level 3.3 Translocations


You had 2 spell levels left.
You knew the following spells:

 Your Spells              Type           Power      Damage    Failure   Level
a - Pain                  Necr           100%       1d9       1%          1
b - Animate Skeleton      Necr           50%        N/A       1%          1
c - Vampiric Draining     Necr           25%        2d7       2%          3
d - Blink                 Tloc           24%        N/A       8%          2
e - Animate Dead          Necr           12%        N/A       9%          4

Your spell library contained the following spells:

 Spells                   Type           Power      Damage    Failure   Level
 Corpse Rot               Necr/Air       28%        N/A       6%          2
 Gell's Gravitas          Tloc           12%        N/A       14%         3
 Lesser Beckoning         Tloc           12%        N/A       14%         3
 Teleport Other           Tloc           12%        N/A       14%         3
 Agony                    Necr           25%        N/A       22%         5
 Dazzling Flash           Conj/Hex       4%         N/A       50%         3
 Manifold Assault         Tloc           12%        N/A       80%         5
 Silence                  Hex/Air        1%         N/A       99%         5


Dungeon Overview and Level Annotations

Branches:
Dungeon (5/15)            Ossuary (visited)
 Temple: D:4-7

Altars:
Fedhas
Kikubaaqudgha
Makhleb

Shops:
D:2 *

Annotations:
D:5 Grinder


Innate Abilities, Weirdness & Mutations

You have a beak for a mouth.
You have claws for feet.
Your magical nature lets you fly swiftly and evasively.


Message History

The hound bites you but does no damage. The centaur barely misses you.
The centaur closely misses you. The hound barely misses you.
The centaur completely misses you. The centaur kicks you.
* * * LOW HITPOINT WARNING * * *
You whack the centaur! You claw the centaur.
You peck the centaur, but do no damage.
You punch the centaur, but do no damage.
The centaur is severely wounded.
Your scorpion zombie hits the centaur.
The hound closely misses you. The centaur hits you.
* * * LOW HITPOINT WARNING * * *
The centaur closely misses you.
Your centaur zombie closely misses the hound.
Your centaur zombie barely misses the hound.
You hit the centaur but do no damage. You peck the centaur.
The centaur is severely wounded.
The hound closely misses you. The centaur hits you.
* * * LOW HITPOINT WARNING * * *
The centaur kicks you.
* * * LOW HITPOINT WARNING * * *
Your scorpion zombie hits the centaur.
Your centaur zombie hits the hound.
Your centaur zombie misses the hound.
You hit the centaur but do no damage. Your kick misses the centaur.
The centaur is almost dead.
The centaur barely misses you. The centaur closely misses you.
The hound misses you.
Your scorpion zombie closely misses the centaur.
Your centaur zombie barely misses the hound.
Your centaur zombie kicks the hound.
You closely miss the centaur. You claw the centaur.
You kill the centaur!
Kikubaaqudgha accepts your kill. The hound bites you.
* * * LOW HITPOINT WARNING * * *
Your centaur zombie barely misses the hound.
Your centaur zombie kicks the hound but does no damage.
Your scorpion zombie barely misses the hound.
The hound bites you.
You die...
Kikubaaqudgha rasps: "You have failed me!
Welcome... death!"

#....... ....
########...... #..
.............# #.##+#
$............####.##.###
.............#..........
.............#.###.#.###
.............'.........
......Z......#.###.#...#
.....ZZ@Z....#.# #.#.###
....$.h)###+##.# #...#
####...## ..# ##### #...
..# #..5 ..# #... ...#
#..[ #...


You could see Grinder, a hound (ally target), a friendly rat zombie, a friendly
worm zombie, a friendly scorpion zombie and a friendly centaur zombie.

Vanquished Creatures
  Pikel (D:4)
  A centaur (D:5)
  An ogre (D:4)
  3 necrophages (D:4)
  A water moccasin zombie (D:4)
  A bullfrog zombie (D:4)
  3 human zombies (Ossuary)
  Ijyb (D:4)
  A hound zombie (D:4)
  3 mummies (Ossuary)
  4 adders
  2 worm zombies (D:4)
  3 worms
  3 dart slugs (D:1)
  4 orcs
  11 ball pythons
  5 endoplasms
  6 giant cockroaches
  7 hobgoblins
  5 jackals
  9 kobolds
  3 quokkas
  2 bats
  5 frilled lizards
  10 goblins
  2 goblin zombies (Ossuary)
  A hobgoblin zombie (Ossuary)
  A jackal zombie (D:4)
  A kobold zombie (Ossuary)
  An orc zombie (Ossuary)
  3 rats
104 creatures vanquished.

Vanquished Creatures (collateral kills)
  A necrophage (D:4)
  A goblin (D:4)
2 creatures vanquished.

Vanquished Creatures (others)
  A bush (D:4)
  13 plants (D:4)
14 creatures vanquished.

Grand Total: 120 creatures vanquished

Notes
Turn   | Place    | Note
-------+----------+-------------------------------------------
     0 | D:1      | sking99 the Tengu Necromancer began the quest for the Orb.
     0 | D:1      | Reached XP level 1. HP: 10/10 MP: 4/4
    19 | D:1      | Learned a level 1 spell: Animate Skeleton
   447 | D:1      | Found a faded altar of an unknown god.
   452 | D:1      | Reached XP level 2. HP: 13/16 MP: 3/6
   967 | D:1      | Reached skill level 1 in Fighting
  1125 | D:1      | Reached XP level 3. HP: 17/20 MP: 4/7
  1240 | D:1      | Learned a level 3 spell: Vampiric Draining
  1294 | D:1      | Reached skill level 5 in Necromancy
  2519 | D:2      | Found Ajyicaw's General Store.
  2531 | D:2      | Bought a +0 cloak for 49 gold pieces
  2588 | D:2      | Reached XP level 4. HP: 23/25 MP: 8/8
  3066 | D:2      | Learned a level 2 spell: Blink
  3744 | D:3      | Found an ancient bone altar of Kikubaaqudgha.
  3850 | D:3      | Became a worshipper of Kikubaaqudgha
  4731 | D:4      | Noticed a necrophage
  4802 | D:4      | Killed a necrophage
  4803 | D:4      | Reached skill level 1 in Maces & Flails
  4803 | D:4      | Reached skill level 1 in Translocations
  4803 | D:4      | Gained mutation: Your magical nature lets you fly swiftly
                  | and evasively. [Tengu growth]
  4803 | D:4      | Reached XP level 5. HP: 30/30 MP: 9/9
  4818 | D:4      | Noticed Pikel
  4822 | D:4      | Noticed a lemure
  4822 | D:4      | Noticed a lemure
  4825 | D:4      | Noticed a lemure
  4826 | D:4      | Noticed a lemure
  4859 | D:4      | Found a sand-covered staircase.
  4868 | Ossuary  | Entered an ossuary
  5163 | Ossuary  | Reached skill level 6 in Necromancy
  5231 | Ossuary  | Reached XP level 6. HP: 28/35 MP: 10/10
  5695 | D:4      | Killed Pikel
  5696 | D:4      | Reached skill level 7 in Necromancy
  5696 | D:4      | Reached XP level 7. HP: 36/40 MP: 2/11
  5697 | D:4      | Reached * piety under Kikubaaqudgha
  5697 | D:4      | Received a gift from Kikubaaqudgha
  5980 | D:4      | Found a blossoming altar of Fedhas.
  6026 | D:4      | Noticed Ijyb
  6152 | D:4      | Killed Ijyb
  6242 | D:4      | Reached XP level 8. HP: 23/45 MP: 13/13
  6587 | D:4      | Found a burning altar of Makhleb.
  7053 | D:4      | Reached skill level 5 in Maces & Flails
  7262 | D:5      | Entered Level 5 of the Dungeon
  7273 | D:5      | Learned a level 4 spell: Animate Dead
  7310 | D:5      | Noticed Grinder
  7319 | D:5      | Slain by a hound

Illustrated notes

Levels and vault maps discovered:
D:1:      dpeg_arrival_round_c, layout_basic, nicolae_ecumenical_snake_handling
D:2:      layout_basic, serial_shops, nicolae_shop_waterfront,
          minmay_pentomino_r4
D:3:      layout_loops_ring, nicolae_kikubaaqudgha_miasma_corner
D:4:      layout_cave_pools, kennysheep_little_box, fedhas_altar_decomposition,
          enter_ossuary_3, chequers_arboretum, uniq_pikel, uniq_ijyb
D:5:      layout_basic, elyvilon_altar_1, nicolae_qazlal_scattered_showers,
          uniq_grinder, uniq_sigmund

Skill      XL: |  1  2  3  4  5  6  7  8 |
---------------+-------------------------+-----
Fighting       | 1 2 3 |  3.0
Necromancy     | 5 6 7 |  7.7
Maces & Flails | 1 2 4 5 |  5.0
Translocations | 1 3 |  3.3
Spellcasting   | 3 |  3.4
Dodging        | |  2.1
Stealth        | |  2.0

Action                   |  1- 3 |  4- 6 |  7- 9 || total
-------------------------+-------+-------+-------++-------
Melee: Whip              |       |    60 |    82 ||   142
       Kick              |       |    22 |    23 ||    45
       Peck              |       |    11 |    18 ||    29
       Punch             |       |       |     3 ||     3
 Cast: Pain              |    72 |    64 |     5 ||   141
       Animate Skeleton  |     1 |     7 |     3 ||    11
       Vampiric Draining |       |     7 |     4 ||    11
       Animate Dead      |       |       |     1 ||     1
Invok: Receive Corpses   |       |       |     2 ||     2
  Use: Scroll            |       |    20 |       ||    20
 Stab: Sleeping          |       |     2 |       ||     2
Armor: Robe              |     1 |    12 |    17 ||    30
       Skin              |       |       |    15 ||    15
Dodge: Dodged            |     5 |    36 |    51 ||    92

Table legend: (Time is in decaauts)
 A = Elapsed time spent in this place.
 B = Non-inter-level travel time spent in this place.
 C = Inter-level travel time spent in this place.
 D = Time resting spent in this place.
 E = Time spent auto-exploring this place.
 F = Levels seen in this place.
 G = Mean time per level.
                   A        B        C        D        E       F      G
               +--------+--------+--------+--------+--------+-----+--------+
         Total |   7226 |   7052 |    174 |   3178 |   2877 |   6 | 1204.3 |
       Dungeon |   6453 |   6279 |    174 |   2669 |   2739 |   5 | 1290.6 |
       Ossuary |    772 |    772 |      0 |    509 |    138 |   1 |  772.0 |
               +--------+--------+--------+--------+--------+-----+--------+

Top non-repeatable levels by time:
     D:1: 2055 daAuts
     D:2: 1664 daAuts
     D:4: 1404 daAuts
     D:3: 1277 daAuts
 Ossuary: 772 daAuts
     D:5: 51 daAuts
